 Dungeon Sprint DCSS version 0.28.0-43-g3370ac3207 (webtiles) character file.

Game seed: 16998439155734632141

53183 Groucho the Naga Aeon (level 14, -1/156 HPs)
             Began as a Naga Fighter on Mar 27, 2022.
             Was the Champion of Cheibriados.
             Succumbed to an emperor scorpion's poison
             ... in the Dungeon (Sprint V: "Ziggurat Sprint").
             The game lasted 00:13:00 (3719 turns).

Groucho the Naga Aeon (Naga Fighter)                Turns: 3719, Time: 00:13:00

Health: -1/156     AC: 33    Str: 36      XL:     14   Next: 67%
Magic:  14/27      EV: 23    Int: 23 (24) God:    Cheibriados [******]
Gold:   0          SH: 43    Dex: 43      Spells: 13/13 levels left

rFire   + . .      SeeInvis +   B - +6 shillelagh "Devastator" {shatter}
rCold   . . .      Faith    .   E - +18 shield of the Gong {rElec rN+ Will+ EV-5}
rNeg    + . .      Spirit   .   D - +15 Maxwell's patent armour {-Cast -Tele rElec Will+ rCorr}
rPois   +          Reflect  +   X - +0 helmet of Dyotif {Will++ Dex+7}
rElec   +          Harm     .   (no cloak)
rCorr   +          Rampage  .   (no gloves)
Will    +++++      NoTele   +   (no barding)
Stlth   .......... NoCast   +   U - amulet of Kuovireg {Reflect rF+ Str+2 SH+5}
HPRegen 0.36/turn               v - +6 ring of dexterity
MPRegen 0.20/turn               T - +4 ring of evasion

@: lethally poisoned (-1 -> -18), slowed, very slow
A: AC +4, large, see invisible, deformed body, poison resistance, slowness 2,
spit poison 1, naga tail 2
a: Spit Poison, Renounce Religion, Bend Time, Temporal Distortion, Slouch, Step
From Time


You were in the Dungeon.
You worshipped Cheibriados.
Cheibriados was exalted by your worship.
You visited 1 branch

Inventory:

Hand Weapons
 B - the +6 shillelagh "Devastator" (weapon) {shatter}
   (You found it in the Dungeon)

   It releases a powerful concussive burst when it strikes, dealing extra damage
   to the target and all other foes adjacent to them.
 C - the +14 obsidian axe {vorpal, Mesm Drain Fly SInv}
   (You found it in the Dungeon)

   It inflicts extra damage upon your enemies.
   It occasionally summons demons to assist the wielder when it strikes in
   combat.
   Its wielder is mesmerised by any visible foes.
   It cannot be unequipped while any foes are visible.
   SInv:      It lets you see invisible.
   Fly:       It grants you flight.
   Drain:     It drains your maximum health when unequipped.
 F - the +6 Majin-Bo {vamp, MP+6 Int+6}
   (You found it in the Dungeon)

   It occasionally heals its wielder for a portion of the damage dealt when they
   wound a living foe with it or with a spell.
   Its wielder's spells cost health as well as magical power.
   Int:       It affects your intelligence (+6).
   MP:        It affects your magic capacity (+6).
 G - the +10 dark maul {vorpal}
   (You found it in the Dungeon)

   It inflicts extra damage upon your enemies.
 H - the +9 heavy crossbow "Sniper" {vorpal, Acc+∞ SInv}
   (You found it in the Dungeon)

   Any ammunition fired from it inflicts extra damage upon your enemies.
   Any ammunition fired from it never misses its target.
   SInv:      It lets you see invisible.
 I - the +7 Singing Sword {vorpal, sonic wave}
   (You found it in the Dungeon)

   It inflicts extra damage upon your enemies.
   It radiates damaging sonic waves as it strikes, especially in combat
   involving dangerous or numerous foes.
 J - the +7 great mace "Firestarter" {inner flame, rF++}
   (You found it in the Dungeon)

   It burns those it strikes, dealing additional fire damage.
   It fills those it strikes with an explosive inner flame.
   It grants immunity to clouds of flame.
   rF:        It greatly protects you from fire.
 K - the +8 lance "Wyrmbane" {slay drac, rPois rF+ rC+ AC+3}
   (You found it in the Dungeon)

   It inflicts extra damage against dragons and draconians.
   AC:        It affects your AC (+3).
   rF:        It protects you from fire.
   rC:        It protects you from cold.
   rPois:     It protects you from poison.
 L - the +7 mace of Variability {chain chaos}
   (You found it in the Dungeon)

   Each time it hits an enemy it has a different, random effect.
   It occasionally unleashes arcs of chaos on nearby creatures upon striking a
   foe.
   Cheibriados disapproves of the use of such an item.
 M - the +11 plutonium sword {Contam Stlth-}
   (You found it in the Dungeon)

   It occasionally inflicts wild transmutation effects on those it strikes,
   inflicting malmutation or extra damage, or polymorphing them into a new form.
   Contam:    It causes magical contamination when unequipped.
   Stlth:     It makes you less stealthy.
 N - the +13 scythe of Curses {drain, Drain}
   (You found it in the Dungeon)

   A truly terrible weapon, it drains the life of any living foe it strikes.
   It inflicts powerful necromantic curses on any living foe it strikes.
   Drain:     It drains your maximum health when unequipped.
 O - the +8 storm bow {elec, penet}
   (You found it in the Dungeon)

   Any ammunition fired from it occasionally discharges a powerful burst of
   electricity upon striking a foe.
   Any ammunition fired by it passes through the targets it hits, potentially
   hitting all targets in its path until it reaches maximum range.
 P - the +5 sword of Power {vorpal}
   (You found it in the Dungeon)

   It inflicts extra damage upon your enemies.
   It occasionally discharges a powerful but inaccurate bolt of energy upon
   striking a foe, with increased chance the greater the wielder's current
   health.
 Q - the +9 sword of Zonguldrok {reap}
   (You found it in the Dungeon)

   Any living foe damaged by it may be reanimated upon death as a zombie
   friendly to the wielder, with an increasing chance as more damage is dealt.
Missiles
 R - 5 throwing nets
Armour
 a - +5 gold dragon scales
 D - the +15 Maxwell's patent armour (worn) {-Cast -Tele rElec Will+ rCorr}
   (You found it in the Dungeon)

   rElec:     It insulates you from electricity.
   -Cast:     It prevents spellcasting.
   -Tele:     It prevents most forms of teleportation.
   rCorr:     It protects you from acid and corrosion.
   Will:      It increases your willpower.
 E - the +18 shield of the Gong (worn) {rElec rN+ Will+ EV-5}
   (You found it in the Dungeon)

   It is deafeningly noisy when blocking attacks.
   EV:        It affects your evasion (-5).
   rElec:     It insulates you from electricity.
   rN:        It protects you from negative energy.
   Will:      It increases your willpower.
 X - the +0 helmet of Dyotif (worn) {Will++ Dex+7}
   (You found it in the Dungeon)

   Dex:       It affects your dexterity (+7).
   Will:      It greatly increases your willpower.
Jewellery
 u - a ring of flight
 v - a +6 ring of dexterity (left hand)
 w - the amulet of Benef {Faith rElec rN+ Dex+4 SInv}
   (You found it in the Dungeon)

   [amulet of faith]

   It allows you to gain divine favour quickly.
   Dex:       It affects your dexterity (+4).
   rElec:     It insulates you from electricity.
   rN:        It protects you from negative energy.
   SInv:      It lets you see invisible.
 y - a +6 ring of intelligence
 z - a ring of wizardry
 A - the amulet "Poleot" {Faith +Blink Str+3}
   (You took it off a vault guard in the Dungeon)

   [amulet of faith]

   It allows you to gain divine favour quickly.
   Str:       It affects your strength (+3).
   +Blink:    It lets you blink.
 T - a +4 ring of evasion (right hand)
 U - the amulet of Kuovireg (around neck) {Reflect rF+ Str+2 SH+5}
   (You found it in the Dungeon)

   [amulet of reflection]

   It reflects blocked missile attacks.
   Str:       It affects your strength (+2).
   rF:        It protects you from fire.
   SH:        It affects your SH (+5).
 W - the amulet of Alio {-Tele rN+ Regen+ Int+2 Dex+3}
   (You found it in the Dungeon)

   [amulet of regeneration]

   Int:       It affects your intelligence (+2).
   Dex:       It affects your dexterity (+3).
   rN:        It protects you from negative energy.
   -Tele:     It prevents most forms of teleportation.
   Regen:     It increases your rate of health regeneration.
 Y - the necklace of Bloodlust {*Rage Will++ Int-3 Slay+6}
   (You found it in the Dungeon)

   [amulet of nothing]

   It extends the wearer's berserk rage when killing foes.
   Int:       It affects your intelligence (-3).
   Slay:      It affects your accuracy & damage with ranged weapons and melee
   (+6).
   *Rage:     It berserks you when you make melee attacks (+50% chance).
   Will:      It greatly increases your willpower.
Wands
 r - a wand of mindburst (7)
 s - a wand of iceblast (7)
 t - a wand of acid (7)
Scrolls
 b - 4 scrolls of amnesia
 c - 7 scrolls of fog
 j - 4 scrolls of blinking
 k - a scroll of holy word
 l - 5 scrolls of identify
 m - 2 scrolls of fear
 S - 4 scrolls of brand weapon
Potions
 d - 6 potions of might
 e - 11 potions of curing
 g - 14 potions of haste
 h - 6 potions of magic
 i - 2 potions of berserk rage
 n - 2 potions of brilliance
 o - 2 potions of invisibility
 p - 4 potions of resistance
 q - a potion of experience
 x - a potion of degeneration {unknown}


   Skills:
 + Level 18.0 Fighting
 - Level 2.0(6.6) Axes
 + Level 10.0(10.1) Maces & Flails
 * Level 15.9 Armour
 * Level 14.2 Dodging
 * Level 15.9 Shields
 + Level 5.2 Unarmed Combat
 + Level 19.2 Invocations


You had 13 spell levels left.
You didn't know any spells.
Your spell library contained the following spells:

 Spells                   Type           Power      Damage    Failure   Level
 Freeze                   Ice            0%         1d3       67%         1
 Sandblast                Erth           0%         2d4       67%         1
 Blink                    Tloc           0%         N/A       80%         2
 Passwall                 Tmut/Erth      0%         N/A       80%         2
 Scorch                   Fire           0%         2d5       80%         2
 Frozen Ramparts          Ice            0%         1d2       95%         3
 Ozocubu's Armour         Ice            0%         N/A       95%         3
 Portal Projectile        Hex/Tloc       0%         N/A       95%         3
 Stone Arrow              Conj/Erth      0%         3d7       95%         3
 Flame Wave               Conj/Fire      0%         2d4       100%        4
 Hailstorm                Conj/Ice       0%         3d3       100%        4
 Leda's Liquefaction      Hex/Erth       0%         N/A       100%        4
 Passage of Golubria      Tloc           0%         N/A       100%        4
 Petrify                  Tmut/Erth      0%         N/A       100%        4
 Alistair's Intoxication  Tmut/Pois      0%         N/A       100%        5
 Blade Hands              Tmut           0%         N/A       100%        5
 Excruciating Wounds      Necr           0%         N/A       100%        5
 Irradiate                Conj/Tmut      0%         3d13      100%        5
 Lee's Rapid Deconstruct  Erth           0%         3d5*      100%        5
 Manifold Assault         Tloc           0%         N/A       100%        5
 Metabolic Englaciation   Hex/Ice        0%         N/A       100%        5
 Silence                  Hex/Air        0%         N/A       100%        5
 Summon Mana Viper        Hex/Summ       0%         N/A       100%        5
 Starburst                Conj/Fire      0%         6d3       100%        6
 Statue Form              Tmut/Erth      0%         N/A       100%        6
 Summon Cactus Giant      Summ           0%         N/A       100%        6
 Ozocubu's Refrigeration  Ice            0%         4d5       100%        7
 Storm Form               Tmut/Air       0%         N/A       100%        7
 Lehudib's Crystal Spear  Conj/Erth      0%         10d2      100%        8
 Fire Storm               Conj/Fire      0%         5d1       100%        9


Dungeon Overview and Level Annotations

Branches:
Dungeon (1/1)

Altars:
Ashenzari
Cheibriados
Dithmenos
Elyvilon
Fedhas
Gozag
Hepliaklqana
Kikubaaqudgha
Makhleb
Nemelex Xobeh
Okawaru
Qazlal
Ru
Sif Muna
Trog
Uskayaw
Vehumet
Wu Jian
Xom
Yredelemnul
Zin
The Shining One
Beogh
Jiyva
Lugonu


Innate Abilities, Weirdness & Mutations

Your serpentine skin is tough. (AC +4)
You have supernaturally acute eyesight. (SInv)
Armour fits poorly on your strangely shaped body.
Your system is resistant to poisons. (rPois)
You cover ground very slowly.
You can spit poison.
You can use your snake-like lower body to constrict enemies.


Message History

BOUMMMMG!
The emperor scorpion closely misses you.
You block the emperor scorpion's attack.
GONNNNG!
You block the emperor scorpion's attack.
SHROANNG!
The emperor scorpion claws you but does no damage.
Your Dodging skill increases to level 14!
Your Invocations skill increases to level 19!
You cannot blink because you are wearing the +15 Maxwell's patent armour {-Cast -Tele rElec Will+ rCorr}.
You sock the royal mummy!
The emperor scorpions and the royal mummy shudder.
The emperor scorpion is heavily wounded.
The royal mummy is almost destroyed.
The emperor scorpion is heavily wounded.
You destroy the royal mummy!
Cheibriados appreciates the change of pace.
The emperor scorpion disappears in a puff of smoke! x3
You feel extremely nervous for a moment...
You feel horribly lethargic.
You feel as though you will be slow longer.
* * * LOW HITPOINT WARNING * * *
You feel very sick.
The royal mummy gestures wildly while chanting.
The royal mummy barely misses you.
Your Fighting skill increases to level 18!
Your Maces & Flails skill increases to level 10!
Your Unarmed Combat skill increases to level 5!
Unknown command.
Unknown command.
You thump the royal mummy!
The emperor scorpion shudders.
The emperor scorpion is lightly wounded.
You destroy the royal mummy!
Cheibriados thoroughly appreciates the change of pace.
Cheibriados raises the support of your attributes as your movement slows.
The emperor scorpion disappears in a puff of smoke! x4
You feel extremely nervous for a moment...
You are engulfed in negative energy!
You feel dopey.
You die...

▓.....)...
▓..}=[}!:)))..▓....)).).
▓.............▓.....)...
▓..)..........▓.....)...
▓.............▓.........
▓.....§.......▓..▓.....▓
▓.....)§......▓......)..
▓.§§§...▓ ▓.....©... ▓
▓▓§.@[§▓▓ ▓▓▓▓▓▓▓▓▓▓
▓..▓.§§...§▓..▓....8©8..
▓.....§..§....▓..)[)}|)|
▓......©......▓....}[)).
▓▓▓▓▓▓▓▓▓▓▓▓▓▓▓....)..).
▓...).)).. ▓..)......
▓.....)... ▓..▓.....▓


There were no monsters in sight!

Vanquished Creatures
  3 royal mummies (D)
  Saint Roka (D)
  Rupert (D)
  A deep elf master archer (D)
  A sphinx (D)
  Donald (D)
  A vault warden (D)
  2 deep elf sorcerers (D)
  An ironbound preserver (D)
  A stone giant (D)
  Nessos (D)
  A deep elf demonologist (D)
  5 deep elf annihilators (D)
  2 entropy weavers (D)
  A mummy priest (D)
  3 deep elf high priests (D)
  Erolcha (D)
  A boulder beetle (D)
  15 vault guards (D)
  A death scarab (D)
  2 dancing weapons (D)
  Urug (D)
  An orc high priest (D)
  3 pharaoh ants (D)
  A sun moth (D)
  An orc knight (D)
  A wizard (D)
  3 deep elf archers (D)
  A cyclops (D)
  3 deep elf pyromancers (D)
  3 wolf spiders (D)
  2 deep elf zephyrmancers (D)
  2 toenail golems (D)
  Maurice (D)
  2 torpor snails (D)
  3 yaktaurs (D)
  6 merfolk (D)
  3 guardian mummies (D)
  A troll (D)
  A wind drake (D)
  A hornet (D)
  A slime creature (D)
  Sigmund (D)
  2 air elementals (D)
  A flying skull (D)
  4 fire elementals (D)
  An ushabti (D)
  A redback (D)
  Menkaure (D)
  A warg (D)
  A hell hound (D)
  Duvessa (D)
  6 orc warriors (D)
  2 centaurs (D)
  Blork the orc (D)
  An earth elemental (D)
  Dowan (D)
  A crimson imp (D)
  3 quasits (D)
  4 orc priests (D)
  Crazy Yiuf (D)
  Jessica (D)
  Ijyb (D)
  3 orc wizards (D)
  3 mummies (D)
  A shadow imp (D)
  A white imp (D)
  An ufetubus (D)
  7 orcs (D)
  2 bat zombies (D)
  3 ball python skeletons (D)
  A giant cockroach zombie (D)
145 creatures vanquished.

Notes
Turn   | Place    | Note
-------+----------+-------------------------------------------
     0 | D        | Groucho the Naga Fighter began the quest for the Orb.
     0 | D        | Reached XP level 1. HP: 21/21 MP: 1/1
    16 | D        | Found a blossoming altar of Fedhas.
    16 | D        | Found the +6 Majin-Bo {vamp, MP+6 Int+6}
    16 | D        | Found the +9 heavy crossbow "Sniper" {vorpal, Acc+∞ SInv}
    16 | D        | Found the +10 dark maul {vorpal}
    16 | D        | Found the +15 Maxwell's patent armour {-Cast -Tele rElec
                  | Will+ rCorr}
    16 | D        | Found the +18 shield of the Gong {rElec rN+ Will+ EV-5}
    16 | D        | Found the +14 obsidian axe {vorpal, Mesm Drain Fly SInv}
    17 | D        | Found a hazy altar of Hepliaklqana.
    17 | D        | Found a viscous altar of Jiyva.
    17 | D        | Found an opulent altar of Gozag.
    17 | D        | Found a transporter.
    17 | D        | Found an ancient bone altar of Kikubaaqudgha.
    18 | D        | Found a corrupted altar of Lugonu.
    18 | D        | Found the +7 great mace "Firestarter" {inner flame, rF++}
    18 | D        | Found the +6 shillelagh "Devastator" {shatter}
    18 | D        | Found the +11 plutonium sword {Contam Stlth-}
    18 | D        | Found the +8 lance "Wyrmbane" {slay drac, rPois rF+ rC+
                  | AC+3}
    18 | D        | Found the +9 sword of Zonguldrok {reap}
    18 | D        | Found the +13 scythe of Curses {drain, Drain}
    18 | D        | Found the +5 sword of Power {vorpal}
    18 | D        | Found the +7 mace of Variability {chain chaos}
    18 | D        | Found the +7 Singing Sword {vorpal, sonic wave}
    18 | D        | Found the +8 storm bow {elec, penet}
    20 | D        | Found a burning altar of Makhleb.
    21 | D        | Found a sacrificial altar of Ru.
    21 | D        | Found a shimmering blue altar of Sif Muna.
    21 | D        | Found a stormy altar of Qazlal.
    21 | D        | Found a bloodstained altar of Trog.
    21 | D        | Found an iron altar of Okawaru.
    21 | D        | Found a sparkling altar of Nemelex Xobeh.
    76 | D        | Became a worshipper of Cheibriados the Contemplative
   110 | D        | Entered arena 2.
   110 | D        | Noticed a toenail golem
   110 | D        | Noticed a toenail golem
   110 | D        | Found a transporter.
   113 | D        | Killed a toenail golem
   114 | D        | Reached skill level 5 in Maces & Flails
   114 | D        | Reached skill level 5 in Armour
   114 | D        | Reached skill level 5 in Shields
   114 | D        | Reached skill level 6 in Invocations
   114 | D        | Reached XP level 2. HP: 34/34 MP: 1/6
   114 | D        | Reached XP level 3. HP: 42/42 MP: 1/7
   114 | D        | Reached XP level 4. HP: 49/49 MP: 1/8
   114 | D        | Reached XP level 5. HP: 56/56 MP: 1/9
   114 | D        | Reached XP level 6. HP: 63/63 MP: 1/10
   114 | D        | Killed a toenail golem
   115 | D        | Reached skill level 7 in Invocations
   115 | D        | Reached XP level 7. HP: 73/73 MP: 1/12
   164 | D        | Got Esuisor's Catalogue of Creative Changing
   281 | D        | Entered arena 3.
   281 | D        | Noticed a merfolk
   281 | D        | Noticed a merfolk
   281 | D        | Noticed a merfolk
   281 | D        | Found a transporter.
   292 | D        | Killed a merfolk
   292 | D        | Reached * piety under Cheibriados
   292 | D        | Killed a merfolk
   293 | D        | Reached skill level 8 in Invocations
   293 | D        | Reached XP level 8. HP: 30/82 MP: 12/14
   294 | D        | Killed a merfolk
   294 | D        | Reached ** piety under Cheibriados
   295 | D        | Reached skill level 9 in Invocations
   837 | D        | Entered arena 4.
   837 | D        | Found a transporter.
   847 | D        | Reached *** piety under Cheibriados
   970 | D        | Entered arena 5.
   970 | D        | Found a transporter.
   974 | D        | Reached **** piety under Cheibriados
   980 | D        | Reached ***** piety under Cheibriados
   986 | D        | Got the amulet of Kuovireg {Reflect rF+ Str+2 SH+5}
   993 | D        | Entered arena 6.
   993 | D        | Found a transporter.
   995 | D        | Reached ****** piety under Cheibriados
   996 | D        | Reached skill level 10 in Invocations
   996 | D        | Reached XP level 9. HP: 93/93 MP: 6/16
  1240 | D        | Entered arena 7.
  1243 | D        | Found a transporter.
  1246 | D        | Reached skill level 10 in Fighting
  1377 | D        | Entered arena 8.
  1377 | D        | Noticed Sigmund
  1377 | D        | Noticed Jessica
  1377 | D        | Noticed Blork the orc
  1377 | D        | Noticed Crazy Yiuf
  1377 | D        | Noticed Dowan
  1377 | D        | Noticed Duvessa
  1379 | D        | Killed Dowan
  1379 | D        | Killed Crazy Yiuf
  1379 | D        | Killed Jessica
  1379 | D        | Killed Sigmund
  1380 | D        | Killed Duvessa
  1380 | D        | Killed Blork the orc
  1381 | D        | Found a transporter.
  1658 | D        | Entered arena 9.
  1658 | D        | Noticed a wind drake
  1658 | D        | Noticed a merfolk
  1658 | D        | Noticed a merfolk
  1658 | D        | Noticed a merfolk
  1658 | D        | Noticed a cyclops
  1660 | D        | Killed a wind drake
  1660 | D        | Killed a merfolk
  1661 | D        | Reached skill level 11 in Invocations
  1661 | D        | Reached XP level 10. HP: 103/103 MP: 7/18
  1661 | D        | Killed a cyclops
  1662 | D        | Reached skill level 5 in Dodging
  1893 | D        | Found a transporter.
  2058 | D        | Entered arena 10.
  2058 | D        | Noticed a vault guard
  2058 | D        | Noticed a vault guard
  2058 | D        | Noticed an ironbound preserver
  2058 | D        | Noticed a vault warden
  2058 | D        | Noticed a sphinx
  2058 | D        | Noticed a wizard
  2060 | D        | Killed a wizard
  2061 | D        | Reached skill level 12 in Invocations
  2061 | D        | Killed a vault guard
  2061 | D        | Killed a vault guard
  2062 | D        | Reached skill level 10 in Armour
  2062 | D        | Reached skill level 10 in Shields
  2062 | D        | Found a transporter.
  2063 | D        | Killed a vault warden
  2063 | D        | Killed a sphinx
  2064 | D        | Reached skill level 13 in Invocations
  2064 | D        | Reached XP level 11. HP: 52/115 MP: 4/21
  2066 | D        | Killed an ironbound preserver
  2077 | D        | Got the amulet of Alio {-Tele rN+ Regen+ Int+2 Dex+3}
  2091 | D        | Got the +0 helmet of Dyotif {Will++ Dex+7}
  2314 | D        | Entered arena 11.
  2314 | D        | Found the necklace of Bloodlust {*Rage Will++ Int-3 Slay+6}
  2316 | D        | Found a transporter.
  2338 | D        | Entered arena 12.
  2338 | D        | Noticed a stone giant
  2338 | D        | Noticed an orc knight
  2339 | D        | Noticed an orc high priest
  2341 | D        | Killed a stone giant
  2341 | D        | Killed an orc high priest
  2342 | D        | Reached skill level 14 in Invocations
  2342 | D        | Found a transporter.
  2343 | D        | Killed an orc knight
  2376 | D        | Entered arena 13.
  2376 | D        | Found the +4 skin of Zhor {*Englaciate rC+++ SInv}
  2376 | D        | Noticed Donald
  2376 | D        | Noticed Nessos
  2376 | D        | Noticed Saint Roka
  2376 | D        | Noticed Maurice
  2376 | D        | Noticed Erolcha
  2376 | D        | Noticed Rupert
  2376 | D        | Noticed Menkaure
  2377 | D        | Noticed Ijyb
  2377 | D        | Noticed Urug
  2377 | D        | Killed Nessos
  2378 | D        | Killed Erolcha
  2378 | D        | Killed Ijyb
  2378 | D        | Killed Menkaure
  2379 | D        | Killed Maurice
  2380 | D        | Reached XP level 12. HP: 82/127 MP: 11/22
  2380 | D        | Killed Urug
  2380 | D        | Killed Donald
  2383 | D        | Killed Rupert
  2384 | D        | Reached skill level 15 in Invocations
  2385 | D        | Found a transporter.
  2402 | D        | Killed Saint Roka
  2403 | D        | Reached skill level 10 in Dodging
  2771 | D        | Got the Disquisition on the Entrancing Blaze
  2774 | D        | Got the amulet of Benef {Faith rElec rN+ Dex+4 SInv}
  2787 | D        | Entered arena 14.
  2788 | D        | Noticed a deep elf demonologist
  2788 | D        | Noticed a deep elf master archer
  2788 | D        | Paralysed by an air elemental for 1 turns
  2788 | D        | Noticed a deep elf annihilator
  2788 | D        | Noticed a deep elf high priest
  2788 | D        | Noticed a deep elf annihilator
  2788 | D        | Noticed a deep elf high priest
  2788 | D        | Identified the +3 mace of Death's Door {vamp, rF+ Will+}
  2788 | D        | Noticed a deep elf annihilator
  2790 | D        | Killed a deep elf master archer
  2790 | D        | Killed a deep elf demonologist
  2790 | D        | Killed a deep elf high priest
  2790 | D        | Killed a deep elf high priest
  2791 | D        | Reached skill level 15 in Fighting
  2791 | D        | Reached skill level 16 in Invocations
  2791 | D        | Gained mutation: You can use your snake-like lower body to
                  | constrict enemies. [Naga growth]
  2791 | D        | Reached XP level 13. HP: 139/139 MP: 13/25
  2791 | D        | Killed a deep elf annihilator
  2792 | D        | Killed a deep elf annihilator
  2792 | D        | Killed a deep elf annihilator
  3014 | D        | Found a transporter.
  3052 | D        | Entered arena 15.
  3053 | D        | Noticed a deep elf sorcerer
  3053 | D        | Noticed a deep elf high priest
  3053 | D        | Noticed a deep elf sorcerer
  3053 | D        | Noticed a deep elf annihilator
  3053 | D        | Noticed a deep elf annihilator
  3055 | D        | Killed a deep elf high priest
  3056 | D        | Reached skill level 17 in Invocations
  3058 | D        | Killed a deep elf annihilator
  3058 | D        | Killed a deep elf annihilator
  3058 | D        | Killed a deep elf sorcerer
  3058 | D        | Killed a deep elf sorcerer
  3273 | D        | Found a transporter.
  3296 | D        | Entered arena 16.
  3297 | D        | Noticed an entropy weaver
  3297 | D        | Noticed an entropy weaver
  3300 | D        | Reached skill level 18 in Invocations
  3300 | D        | Killed an entropy weaver
  3300 | D        | Killed an entropy weaver
  3307 | D        | Found a transporter.
  3636 | D        | Entered arena 17.
  3639 | D        | Noticed a vault guard
  3639 | D        | Noticed a vault guard
  3639 | D        | Noticed a vault guard
  3639 | D        | Noticed a vault guard
  3639 | D        | Noticed a vault guard
  3639 | D        | Noticed a vault guard
  3639 | D        | Noticed a vault guard
  3639 | D        | Noticed a vault guard
  3639 | D        | Noticed a vault guard
  3639 | D        | Noticed a vault guard
  3640 | D        | Identified the amulet "Poleot" {Faith +Blink Str+3}
  3640 | D        | Noticed a vault guard
  3641 | D        | Noticed a vault guard
  3641 | D        | Noticed a vault guard
  3642 | D        | Reached XP level 14. HP: 138/153 MP: 16/27
  3643 | D        | Reached skill level 15 in Armour
  3643 | D        | Reached skill level 15 in Shields
  3657 | D        | Found a transporter.
  3701 | D        | Entered arena 18.
  3704 | D        | Noticed a royal mummy
  3705 | D        | Noticed a royal mummy
  3706 | D        | Noticed a royal mummy
  3707 | D        | Noticed an emperor scorpion
  3707 | D        | Noticed an emperor scorpion
  3707 | D        | Noticed an emperor scorpion
  3708 | D        | Noticed an emperor scorpion
  3708 | D        | Noticed an emperor scorpion
  3709 | D        | Noticed an emperor scorpion
  3709 | D        | Noticed an emperor scorpion
  3709 | D        | Noticed an emperor scorpion
  3714 | D        | Noticed an emperor scorpion
  3714 | D        | Noticed an emperor scorpion
  3714 | D        | Noticed an emperor scorpion
  3714 | D        | Noticed an emperor scorpion
  3715 | D        | Noticed an emperor scorpion
  3715 | D        | Noticed an emperor scorpion
  3715 | D        | Noticed an emperor scorpion
  3715 | D        | Noticed an emperor scorpion
  3716 | D        | Noticed an emperor scorpion
  3716 | D        | Noticed an emperor scorpion
  3716 | D        | Noticed an emperor scorpion
  3717 | D        | Killed a royal mummy
  3717 | D        | HP: 7/154 [poisoned by an emperor scorpion]
  3718 | D        | Reached skill level 19 in Invocations
  3718 | D        | Killed a royal mummy
  3718 | D        | HP: 2/154 [poisoned by an emperor scorpion]
  3719 | D        | Reached skill level 10 in Maces & Flails
  3719 | D        | Reached skill level 5 in Unarmed Combat
  3719 | D        | Noticed an emperor scorpion
  3719 | D        | Noticed an emperor scorpion
  3719 | D        | Noticed an emperor scorpion
  3719 | D        | Noticed an emperor scorpion
  3719 | D        | Killed a royal mummy
  3719 | D        | Succumbed to an emperor scorpion's poison

Illustrated notes

Levels and vault maps discovered:
D:        sprint_v [room_start, room_1, room_2, room_3, room_4, room_5, room_6,
          room_7, room_8, room_9, room_10, room_11, room_12, room_13, room_14,
          room_15, room_16, room_17, room_18, room_19, room_20, room_21,
          room_22, room_23, room_24, room_25, room_26, room_27]

Skill      XL: |  1  2  3  4  5  6  7  8  9 10 11 12 13 14 |
---------------+-------------------------------------------+-----
Fighting       | 6 7 8 9 10 12 13 15 17 18 | 18.0
Maces & Flails | 5 7 8 10 | 10.0
Armour         | 5 6 7 8 9 10 11 13 14 15 | 15.9
Shields        | 5 6 7 8 9 10 11 13 14 15 | 15.9
Invocations    | 6 7 8 10 11 13 14 16 18 19 | 19.2
Dodging        | 2 4 7 9 11 12 14 | 14.2
Unarmed Combat | 5 |  5.2
Axes           | |  2.0

Action                   |  1- 3 |  4- 6 |  7- 9 | 10-12 | 13-15 || total
-------------------------+-------+-------+-------+-------+-------++-------
Melee: Shillelagh        |     2 |     1 |    27 |    22 |    15 ||    67
       Constrict         |       |       |       |       |     3 ||     3
Invok: Slouch            |       |       |     6 |    13 |    21 ||    40
       Bend Time         |       |       |     3 |       |       ||     3
  Use: Potion            |     1 |       |     1 |     3 |     7 ||    12
Armor: Plate armour      |     1 |       |    55 |     2 |    42 ||   100
Dodge: Dodged            |       |       |       |     5 |    49 ||    54
Block: Kite shield       |     2 |       |    81 |    28 |    87 ||   198
       Reflection        |       |       |       |     6 |     3 ||     9
